 Dungeon Crawl Stone Soup version 0.27-a0-242-ge0fc76b88b (webtiles) character file.

Game seed: 10502722624080933862

16795 hatsuma the Dealer of Despair (level 12, -11/64 HPs)
             Began as a Deep Elf Conjurer on Jan 31, 2021.
             Was an Elder of Kikubaaqudgha.
             Mangled by a sun demon (23 damage)
             ... summoned by an orc high priest
             ... on level 2 of the Orcish Mines on Feb 2, 2021.
             The game lasted 02:50:03 (19147 turns).

hatsuma the Dealer of Despair (Deep Elf Conjurer)  Turns: 19147, Time: 02:50:03

Health: -11/64     AC: 11    Str:  4    XL:     12   Next: 13%
Magic:  11/29      EV: 14    Int: 26    God:    Kikubaaqudgha [****..]
Gold:   1780       SH:  6    Dex: 16    Spells: 5/33 levels left

rFire    . . .     SeeInvis .   o - +2 short sword (speed)
rCold    . . .     Faith    .   t - +2 buckler
rNeg     . . .     Spirit   .   z - +0 leather armour
rPois    .         Reflect  .   r - +1 hat
rElec    .         Harm     .   (no cloak)
rCorr    .         Rampage  .   C - +1 pair of gloves
Will     +....                  v - +0 pair of boots
Stlth    +++.......             (no amulet)
HPRegen  0.20/turn              u - +4 ring of protection
MPRegen  0.21/turn              x - ring of wizardry

@: no status effects
A: no striking features
a: Renounce Religion, Receive Corpses


You were on level 2 of the Orcish Mines.
You worshipped Kikubaaqudgha.
Kikubaaqudgha was greatly pleased with you.
You visited 3 branches of the dungeon, and saw 13 of its levels.

You collected 1780 gold pieces.

Inventory:

Hand Weapons
 o - a +2 short sword of speed (weapon)
 I - a +2 shortbow of flaming
Missiles
 c - 28 poisoned darts (quivered)
 d - 12 curare-tipped darts
 l - 251 arrows
Armour
 r - a +1 hat (worn)
 t - a +2 buckler (worn)
 v - a +0 pair of boots (worn)
 z - a +0 leather armour (worn)
 C - a +1 pair of gloves (worn)
Jewellery
 a - an uncursed ring of flight
 u - a +4 ring of protection (left hand)
 x - a ring of wizardry (right hand)
 G - an uncursed ring of protection from cold
Wands
 h - a wand of iceblast (9)
 q - a wand of acid (10)
 A - a wand of polymorph (15)
 J - a wand of charming (12)
Scrolls
 e - 5 scrolls of remove curse
 i - a scroll of fog
 k - 2 scrolls of fear
 m - 2 scrolls of magic mapping
 y - 3 scrolls of teleportation
 E - 2 scrolls of acquirement {unknown}
 F - 4 scrolls of amnesia
 H - 4 scrolls of enchant weapon
Potions
 b - a potion of flight
 f - a potion of ambrosia {unknown}
 g - 2 potions of resistance {unknown}
 j - a potion of brilliance {unknown}
 n - a potion of curing {unknown}
 w - a potion of lignification {unknown}
 B - a potion of invisibility {unknown}
 D - 3 potions of attraction


   Skills:
 + Level 3.0 Fighting
 - Level 1.0 Armour
 - Level 6.0 Dodging
 - Level 5.1 Stealth
 - Level 2.0 Shields
 - Level 11.0 Spellcasting
 - Level 9.0 Conjurations
 - Level 8.2 Hexes
 - Level 13.1 Necromancy
 - Level 5.0 Translocations
 - Level 2.0 Earth Magic
 - Level 5.6 Evocations


You had 5 spell levels left.
You knew the following spells:

 Your Spells              Type           Power        Failure   Level
a - Magic Dart            Conj           100%         1%          1
b - Searing Ray           Conj           100%         1%          2
c - Dazzling Flash        Conj/Hex       100%         1%          3
d - Fulminant Prism       Conj/Hex       28%          1%          4
e - Iskenderun's Mystic   Conj/Tloc      50%          2%          4
f - Sublimation of Blood  Necr           35%          1%          2
g - Vampiric Draining     Necr           35%          1%          3
h - Animate Dead          Necr           35%          1%          4
i - Borgnjor's Vile Clut  Necr/Erth      26%          4%          5

Your spell library contained the following spells:

 Spells                   Type           Power        Failure   Level
 Animate Skeleton         Necr           100%         1%          1
 Pain                     Necr           100%         1%          1
 Dispel Undead            Necr           70%          1%          4
 Excruciating Wounds      Necr           35%          1%          5
 Beastly Appendage        Tmut           28%          4%          1
 Wereblood                Tmut           14%          6%          2
 Spider Form              Tmut/Pois      7%           12%         3
 Ice Form                 Ice/Tmut       14%          34%         4
 Blade Hands              Tmut           7%           67%         5
 Death Channel            Necr           35%          2%          6


Dungeon Overview and Level Annotations

Branches:
Dungeon (10/15)            Temple (0/1) D:7            Lair (1/6) D:9
    Orc (2/2) D:9             Elf (0/3) Orc:2

Altars:
Ashenzari
Elyvilon
Fedhas
Hepliaklqana
Kikubaaqudgha
Nemelex Xobeh
Okawaru
Sif Muna
Trog
Beogh

Shops:
D:5 ?   D:6 *   Orc:2 **

Annotations:
D:7 2 runed translucent doors, exclusion: oklob plant, lessens's ghost, novice TeGl


Message History

The orc warrior hits your fulminant prism with a +0 scimitar!!
Your fulminant prism explodes!
The blast of energy engulfs the warg.
The warg is lightly wounded.
The blast of energy engulfs the orc warrior but does no damage.
The blast of energy engulfs the orc!!
You kill the orc!
Kikubaaqudgha accepts your kill.
The blast of energy engulfs the ogre!
The ogre is heavily wounded.
The blast of energy engulfs the orc warrior!
You kill the orc warrior!
Kikubaaqudgha accepts your kill.
An orc warrior comes into view. It is wielding a +1 mace of protection.
An orc warrior comes into view.
It is wielding a +0 hand axe and wearing a +1 chain mail of positive energy.
You hear a shout! x2
Your Fighting skill increases to level 3!
You climb downwards.
You block the sun demon's attack. The sun demon hits you!!
You die...
Kikubaaqudgha rasps: "You have failed me!
Welcome... death!"

...###.............<.............
#.#.###..........................
##)3.###§.4).................#...
#o#.###.......................#..
.§3###)..........................
..###.....[......................
§###4.##.........................
###..###.........................
##).###.........@..........#...#.
#3.###...........3.........#....#
..###..#....#.........#........##
.###.........#...#............##
###.#.........#.###...........###
##.#..........### ##...........^#
#...#...#....## ###..##.......
##.#..........# ####.......#
##....##....## ##..#....


You could see a sun demon (summoned) and a rust devil (summoned).

Vanquished Creatures
  A two-headed ogre (Orc:2)
  3 orc high priests (Orc:2)
  Sonja (D:10)
  3 orc knights (Orc:2)
  2 orc sorcerers (Orc:2)
  A cyclops (D:9)
  An orange demon (Orc:2)
  3 trolls
  Prince Ribbit (D:8)
  11 yaks
  2 ynoxinuls (Orc:2)
  A wraith (D:10)
  3 wargs (Orc:2)
  3 water moccasins
  24 orc warriors
  2 sky beasts
  A black bear (D:10)
  5 ogres
  A phantom (D:6)
  An eye of draining (D:10)
  3 wolves (D:9)
  8 centaurs
  A big kobold (D:4)
  5 bullfrogs
  A wyvern zombie (D:9)
  3 scorpions
  5 killer bees (D:7)
  7 wights
  5 howler monkeys
  2 electric eels (D:9)
  2 centaur zombies (D:7)
  2 bullfrog zombies
  8 hounds
  3 jellies
  2 centaur skeletons
  22 orc priests
  2 bullfrog skeletons
  2 iguanas (D:9)
  14 orc wizards
  7 worker ants
  A killer bee zombie (D:9)
  2 hound skeletons
  A worker ant zombie (D:3)
  2 howler monkey skeletons
  10 adders
  3 gnolls (D:4)
  A white imp (D:8)
  3 ufetubi
  2 adder skeletons
  7 worms
  3 leopard geckos
  81 orcs
  7 bats
  A bat zombie (D:3)
  2 giant cockroaches
  7 goblins
  7 hobgoblins
  10 jackals
  18 kobolds
  5 quokkas
  A ball python (D:3)
  6 frilled lizards
  9 rats
  3 rat zombies (D:3)
  5 fulminant prisms
  8 toadstools (D:1)
379 creatures vanquished.

Vanquished Creatures (collateral kills)
  An orc priest (Orc:2)
  An orc (Orc:1)
2 creatures vanquished.

Vanquished Creatures (others)
  A frilled lizard (D:4)
  89 fulminant prisms
  2 fungi
  11 plants (D:7)
  6 toadstools (D:1)
109 creatures vanquished.

Grand Total: 490 creatures vanquished

Notes
Turn   | Place    | Note
-------+----------+-------------------------------------------
     0 | D:1      | hatsuma the Deep Elf Conjurer began the quest for the Orb.
     0 | D:1      | Reached XP level 1. HP: 10/10 MP: 6/6
   477 | D:1      | Reached XP level 2. HP: 15/15 MP: 4/8
   478 | D:1      | Reached skill level 5 in Conjurations
   482 | D:1      | Learned a level 2 spell: Searing Ray
  1002 | D:1      | Reached XP level 3. HP: 19/19 MP: 4/9
  1015 | D:1      | Learned a level 3 spell: Dazzling Flash
  1518 | D:2      | Reached skill level 1 in Hexes
  1784 | D:2      | Reached XP level 4. HP: 24/24 MP: 6/10
  2070 | D:2      | Reached skill level 1 in Armour
  2421 | D:3      | Reached skill level 1 in Fighting
  3069 | D:3      | Found an ancient bone altar of Kikubaaqudgha.
  3078 | D:3      | Became a worshipper of Kikubaaqudgha
  3320 | D:4      | Found a white marble altar of Elyvilon.
  3357 | D:4      | Reached XP level 5. HP: 27/29 MP: 4/12
  3385 | D:4      | Learned a level 4 spell: Fulminant Prism
  3620 | D:4      | Found a sparkling altar of Nemelex Xobeh.
  4231 | D:4      | Reached XP level 6. HP: 34/34 MP: 10/14
  4727 | D:5      | Entered Level 5 of the Dungeon
  4773 | D:5      | Found a shimmering blue altar of Sif Muna.
  5503 | D:5      | Reached XP level 7. HP: 22/38 MP: 10/15
  5509 | D:5      | Learned a level 4 spell: Iskenderun's Mystic Blast
  5731 | D:5      | Found Silah's Magic Scroll Shop.
  5828 | D:5      | Reached skill level 1 in Translocations
  5864 | D:5      | Found a broken altar of Ashenzari.
  6672 | D:6      | Found Siomuv's Assorted Antiques.
  6863 | D:6      | Found an iron altar of Okawaru.
  7108 | D:6      | Reached XP level 8. HP: 43/43 MP: 13/16
  8187 | D:7      | Reached skill level 5 in Spellcasting
  8195 | D:7      | Reached * piety under Kikubaaqudgha
  8195 | D:7      | Identified Kikubaaqudgha's Papyrus of Evil (Kikubaaqudgha
                  | gifted it to you on level 7 of the Dungeon)
  8195 | D:7      | Received a gift from Kikubaaqudgha
  8240 | D:7      | Reached skill level 5 in Hexes
  8252 | D:6      | Learned a level 2 spell: Sublimation of Blood
  8274 | D:7      | Reached skill level 1 in Necromancy
  8467 | D:7      | Found a large runed translucent door.
  8472 | D:7      | Found a large runed translucent door.
  8472 | D:7      | Noticed lessens's ghost (novice TeGl)
  8540 | D:7      | Reached skill level 2 in Necromancy
  8583 | D:7      | Found a staircase to the Ecumenical Temple.
  8596 | D:7      | Noticed a boulder beetle
  8988 | D:7      | Reached skill level 5 in Translocations
  9160 | D:7      | Found a blossoming altar of Fedhas.
  9172 | D:7      | Noticed an oklob plant
  9400 | D:8      | Noticed Prince Ribbit
  9421 | D:8      | Killed Prince Ribbit
  9422 | D:8      | Reached XP level 9. HP: 47/47 MP: 1/21
 10905 | D:9      | Reached skill level 3 in Necromancy
 10974 | D:9      | Found a hazy altar of Hepliaklqana.
 10992 | D:9      | Reached ** piety under Kikubaaqudgha
 11045 | D:9      | Reached skill level 5 in Stealth
 11187 | D:9      | Found a staircase to the Lair.
 11202 | D:9      | Reached skill level 4 in Necromancy
 11219 | D:9      | Noticed a troll
 11234 | D:9      | Killed a troll
 11403 | D:9      | Reached skill level 5 in Dodging
 12021 | D:9      | Noticed a troll
 12026 | D:9      | Killed a troll
 12027 | D:9      | Reached XP level 10. HP: 53/53 MP: 18/24
 12062 | D:9      | Noticed a cyclops
 12072 | D:9      | Killed a cyclops
 12533 | D:9      | Found a staircase to the Orcish Mines.
 12723 | D:10     | Entered Level 10 of the Dungeon
 12761 | D:10     | Reached skill level 5 in Necromancy
 13082 | D:10     | Reached skill level 6 in Necromancy
 13094 | D:10     | Reached *** piety under Kikubaaqudgha
 13094 | D:10     | Identified Kikubaaqudgha's Grimoire of Black Arts
                  | (Kikubaaqudgha gifted it to you on level 10 of the Dungeon)
 13094 | D:10     | Received a gift from Kikubaaqudgha
 13100 | D:10     | Learned a level 3 spell: Vampiric Draining
 13126 | D:10     | Noticed Sonja
 13341 | D:10     | Killed Sonja
 13342 | D:10     | Reached skill level 8 in Necromancy
 13913 | D:10     | Reached skill level 10 in Spellcasting
 14631 | Lair:1   | Entered Level 1 of the Lair of Beasts
 14727 | Lair:1   | Reached skill level 5 in Evocations
 14727 | Lair:1   | Reached XP level 11. HP: 19/57 MP: 16/27
 15276 | D:9      | Learned a level 4 spell: Animate Dead
 15283 | Orc:1    | Entered Level 1 of the Orcish Mines
 15547 | D:9      | Upgraded the game from 0.27-a0-216-g1fbed8a51c to
                  | 0.27-a0-223-ge082b6e869
 15553 | D:9      | Learned a level 5 spell: Borgnjor's Vile Clutch
 15661 | Orc:1    | Found a roughly hewn altar of Beogh.
 15746 | Orc:2    | Entered Level 2 of the Orcish Mines
 15757 | Orc:2    | Reached skill level 1 in Earth Magic
 15769 | Orc:2    | Reached **** piety under Kikubaaqudgha
 16139 | Orc:2    | Noticed a two-headed ogre
 16146 | Orc:2    | Killed a two-headed ogre
 16147 | Orc:2    | Reached skill level 9 in Necromancy
 16481 | Orc:2    | Noticed an orc knight
 16495 | Orc:2    | Killed an orc knight
 16645 | Orc:2    | Reached skill level 10 in Necromancy
 16654 | Orc:2    | Noticed an orc sorcerer
 16660 | Orc:2    | Killed an orc sorcerer
 17144 | Orc:2    | Found a staircase to the Elven Halls.
 17184 | Orc:2    | Reached skill level 11 in Necromancy
 17359 | Orc:2    | Found a bloodstained altar of Trog.
 17644 | Orc:2    | Upgraded the game from 0.27-a0-223-ge082b6e869 to
                  | 0.27-a0-242-ge0fc76b88b
 17797 | Orc:2    | Noticed an orc knight
 17809 | Orc:2    | Killed an orc knight
 17902 | Orc:2    | Found Umit's General Store.
 17904 | Orc:2    | Found Xattusmo's General Store.
 17912 | Orc:2    | Reached skill level 12 in Necromancy
 18383 | Orc:2    | Noticed an orc high priest
 18383 | Orc:2    | Noticed an orc high priest
 18383 | Orc:2    | Noticed an orc sorcerer
 18384 | Orc:2    | Noticed an orc knight
 18386 | Orc:2    | Killed an orc sorcerer
 18391 | Orc:2    | Killed an orc high priest
 18408 | Orc:2    | Killed an orc high priest
 18409 | Orc:2    | Reached skill level 13 in Necromancy
 18511 | Orc:2    | Reached XP level 12. HP: 62/62 MP: 14/28
 18691 | Orc:2    | Noticed an orc high priest
 19109 | Orc:2    | Noticed an orc high priest
 19122 | Orc:2    | Killed an orc high priest
 19147 | Orc:2    | Mangled by a sun demon

Illustrated notes

Levels and vault maps discovered:
D:1:      nagdon_arrival_zigzag_paths, layout_loops_ring
D:2:      minmay_razor_zed, layout_loops_ring, st_stairs_2
D:3:      layout_loops_ring, lemuel_zombie_altar_kikubaaqudgha
D:4:      cheibrodos_thug_alley, layout_cave_pods, elyvilon_altar_4,
          nemelex_xobeh_ov_fountains_minmay
D:5:      layout_layer_cave, kennysheep_mini_moat, ashenzari_altar_1,
          serial_shops, shop
D:6:      layout_basic, serial_shops, shop, okawaru_trees_2
D:7:      layout_rooms, minmay_temple_entry_glassed_door,
          ebering_ghost_disaster_area, tgw_fedhas
D:8:      layout_gridville, uniq_prince_ribbit1
D:9:      layout_roguey, nzn_hepliaklqana_mist_gate, erik_lair_island,
          hiddenorc1_lemuel, lightli_minifort
D:10:     layout_long_grid, uniq_sonja
Lair:1:   lemuel_reptile_caves, layout_regular_city,
          chequers_serial_rivers_micro_b, minivault_26
Orc:1:    layout_diamond_mine, nicolae_orc_lava_tube, nicolae_orc_rockfall,
          mines2_david
Orc:2:    pf_orc_diabolical, layout_caves, trog_book

Skill      XL: |  1  2  3  4  5  6  7  8  9 10 11 12 |
---------------+-------------------------------------+-----
Conjurations   | 5 6 8 9 |  9.0
Stealth        | 3 4 5 |  5.1
Dodging        | 3 4 5 6 |  6.0
Hexes          | 2 3 4 5 6 8 |  8.2
Armour         | 1 |  1.0
Fighting       | 1 2 3 |  3.0
Spellcasting   | 4 6 8 10 11 | 11.0
Shields        | 2 |  2.0
Evocations     | 2 4 5 |  5.6
Translocations | 3 5 |  5.0
Necromancy     | 2 4 8 13 | 13.1
Earth Magic    | 2 |  2.0

Action                   |  1- 3 |  4- 6 |  7- 9 | 10-12 || total
-------------------------+-------+-------+-------+-------++-------
Melee: Unarmed           |    38 |       |       |       ||    38
       Whip              |    37 |       |       |       ||    37
       Short sword       |       |    55 |    35 |    60 ||   150
Throw: Dart              |       |     4 |       |     1 ||     5
 Cast: Magic Dart        |    23 |    23 |    48 |    71 ||   165
       Searing Ray       |    12 |    28 |    63 |    69 ||   172
       Dazzling Flash    |       |     1 |     2 |       ||     3
       Fulminant Prism   |       |       |    18 |    76 ||    94
       Iskenderun's Myst |       |       |       |    17 ||    17
       Vampiric Draining |       |       |       |     7 ||     7
       Sublimation of Bl |       |       |       |     7 ||     7
       Animate Dead      |       |       |       |     4 ||     4
  Use: Scroll            |     3 |     3 |     5 |     9 ||    20
 Stab: Sleeping          |     1 |       |     2 |       ||     3
       Distracted        |       |       |     1 |       ||     1
Armor: Robe              |     8 |    12 |       |       ||    20
       Leather armour    |       |     3 |    19 |    32 ||    54
Dodge: Dodged            |    41 |    46 |    53 |    71 ||   211
Block: Buckler           |       |     9 |    29 |    39 ||    77

Table legend: (Time is in decaauts)
 A = Elapsed time spent in this place.
 B = Non-inter-level travel time spent in this place.
 C = Inter-level travel time spent in this place.
 D = Time resting spent in this place.
 E = Time spent auto-exploring this place.
 F = Levels seen in this place.
 G = Mean time per level.
                   A        B        C        D        E       F      G
               +--------+--------+--------+--------+--------+-----+--------+
         Total |  19130 |  18390 |    740 |   8241 |   1764 |  13 | 1471.5 |
       Dungeon |  15326 |  14644 |    682 |   6158 |   1764 |  10 | 1532.6 |
          Lair |    115 |    115 |      0 |     13 |      0 |   1 |  115.0 |
  Orcish Mines |   3688 |   3630 |     58 |   2070 |      0 |   2 | 1844.0 |
               +--------+--------+--------+--------+--------+-----+--------+

Top non-repeatable levels by time:
     D:9: 3584 daAuts
   Orc:2: 3390 daAuts
     D:5: 1943 daAuts
     D:4: 1518 daAuts
     D:6: 1455 daAuts
     D:8: 1375 daAuts
     D:2: 1187 daAuts
     D:7: 1182 daAuts
     D:1: 1147 daAuts
    D:10: 1071 daAuts
     D:3: 861 daAuts
   Orc:1: 297 daAuts
  Lair:1: 115 daAuts
